 Dungeon Crawl Stone Soup version 0.18.1-48-g4cf74bf (webtiles) character file.

84 Slippy the Sneak (level 4, -1/21 HPs)
             Began as a Spriggan Enchanter on July 21, 2016.
             Killed from afar by an orc wizard (6 damage)
             ... with a magic dart
             ... on level 3 of the Dungeon.
             The game lasted 00:09:45 (2358 turns).

Slippy the Sneak (Spriggan Enchanter)               Turns: 2358, Time: 00:09:46

Health: -1/21      AC:  4    Str:  4    XL:     4   Next: 24%
Magic:  0/11       EV: 18    Int: 17    God:
Gold:   107        SH:  0    Dex: 16    Spells: 3 memorised, 6 levels left

rFire  . . .     SeeInvis +     p - +2 dagger (speed)
rCold  . . .     Gourm    .     b - +2 robe
rNeg   . . .     Faith    .     (shield restricted)
rPois  .         Spirit   .     (helmet restricted)
rElec  .         Dismiss  .     (no cloak)
rCorr  .         Reflect  .     (gloves unavailable)
SustAt .         Harm     .     (boots unavailable)
MR     .....                    (no amulet)
Stlth  +++.......               (no ring)
                                (no ring)

@: very slightly contaminated, very quick, not resistant to hostile
enchantments, fairly stealthy
A: unfitting armour, see invisible, herbivore 3, speed 3, slow metabolism 2
a: no special abilities


You were on level 3 of the Dungeon.
You were not hungry.

You visited 1 branch of the dungeon, and saw 3 of its levels.

You collected 107 gold pieces.

Inventory:

Hand Weapons
 a - a +1 dagger
 p - a +2 dagger of speed (weapon)
 v - a +2 dagger of holy wrath
Missiles
 n - 35 poisoned needles
 q - 6 needles of confusion
Armour
 b - a +2 robe (worn)
Jewellery
 w - an uncursed amulet of guardian spirit {unknown}
Scrolls
 g - a scroll of enchant armour
 k - 4 scrolls of remove curse
 u - 2 scrolls of identify
Potions
 e - a potion of might {unknown}
 h - 2 potions of invisibility {unknown}
 i - a potion of berserk rage {unknown}
 j - a potion of brilliance {unknown}
 l - 3 potions of curing
 m - a potion of resistance {unknown}
 r - 2 potions of lignification {unknown}
 s - a potion of haste {unknown}
 t - a potion of flight {unknown}
Books
 c - a book of Maledictions

   Spells                             Type                      Level
   a - Corona                         Hexes                        1
   b - Ensorcelled Hibernation        Hexes/Ice                    2
   c - Confuse                        Hexes                        3
   d - Tukima's Dance                 Hexes                        3
   e - Dazzling Spray                 Conjuration/Hexes            3
Comestibles
 d - 5 bread rations
 f - 4 fruits
 o - a slice of pizza
 x - a royal jelly


   Skills:
 - Level 1.1 Short Blades
 - Level 3.0 Dodging
 + Level 5.3 Stealth
 * Level 4.5 Spellcasting
 + Level 4.2 Hexes


You had 6 spell levels left.
You knew the following spells:

 Your Spells              Type           Power        Failure   Level  Hunger
a - Corona                Hex            ###....      2%          1    None
b - Ensorcelled Hibernat  Hex/Ice        ##....       12%         2    ##.....
c - Confuse               Hex            ###.....     10%         3    ###....


Dungeon Overview and Level Annotations

Branches:
Dungeon (3/15)

Altars:


Innate Abilities, Weirdness & Mutations

You are tiny and cannot use many weapons and most armour.
You have supernaturally acute eyesight.
You are a herbivore.
You cover ground extremely quickly.
You need consume almost no food.


Message History

Casting: Ensorcelled Hibernation
Confirm with . or Enter, or press ? or * to list all spells.
You don't have enough magic to cast that spell.
The orc wizard hits you but does no damage.
Casting: Ensorcelled Hibernation
Confirm with . or Enter, or press ? or * to list all spells.
Aiming: Ensorcelled Hibernation
Press: ? - help, Shift-Dir - straight line, f/p - orc wizard
Aim: an orc wizard, wielding a dagger and wearing a robe (chance to defeat MR: 42%)
The orc wizard resists with some effort.
The orc wizard casts a spell at you. The magic dart hits you!
The orc wizard casts a spell.
The orc wizard seems to speed up.
The orc wizard casts a spell at you. The magic dart hits you!
* * * LOW HITPOINT WARNING * * *
The orc wizard points at you and mumbles some strange words.
The magic dart hits you!
You die...

############## ##
###............. ..
.....########### .#
###...############..#
#.......oo.....@...#
##.#.##o#########..#
#..###.# .# #.# #o# #
#.# #.# #.# #$# ...
....# ##...#


You could see an orc wizard and an orc.

Vanquished Creatures
  4 adders
  A worm (D:2)
  A giant gecko (D:1)
  An orc (D:3)
  5 bats
  4 giant cockroaches
  6 hobgoblins
  7 kobolds
  4 giant newts
  5 goblins
  7 rats
45 creatures vanquished.

Notes
Turn   | Place    | Note
--------------------------------------------------------------
     0 | D:1      | Slippy the Spriggan Enchanter began the quest for the Orb.
     0 | D:1      | Reached XP level 1. HP: 9/9 MP: 5/5
   672 | D:1      | Reached XP level 2. HP: 10/13 MP: 7/7
   832 | D:1      | Learned a level 2 spell: Ensorcelled Hibernation
  1308 | D:1      | Reached XP level 3. HP: 16/16 MP: 6/9
  1782 | D:2      | Reached skill level 5 in Stealth
  1877 | D:2      | Reached XP level 4. HP: 20/21 MP: 5/11
  2020 | D:2      | Learned a level 3 spell: Confuse
  2358 | D:3      | Killed from afar by an orc wizard

Skill      XL: |  1  2  3 |
---------------+----------+-----
Spellcasting   | 3 4 |  4.5
Hexes          | 4 |  4.2
Stealth        | 5 |  5.3
Short Blades   | |  1.1
Dodging        | |  3.0

Action                   |  1- 3 |  4- 6 || total
-------------------------+-------+-------++-------
Melee: Dagger            |   136 |    11 ||   147
 Cast: Ensorcelled Hiber |    19 |     8 ||    27
  Use: Scroll            |     1 |     4 ||     5
 Stab: Sleeping          |    18 |     5 ||    23
       Distracted        |       |     1 ||     1
Armor: Robe              |    16 |     3 ||    19
Dodge: Dodged            |    87 |     6 ||    93
